 Dungeon Crawl Stone Soup version 0.29.0-4-gdea44cf6ec (webtiles) character file.

Game seed: 8432091366266470884

39 qw the Chopper (level 3, -1/21 HPs)
             Began as a Tengu Warper on Aug 28, 2022.
             Slain by a jackal (2 damage)
             ... on level 2 of the Dungeon.
             The game lasted 00:00:06 (1305 turns).

qw the Chopper (Tengu Warper)                       Turns: 1305, Time: 00:00:06

Health: -1/21      AC: 10    Str: 13    XL:     3   Next: 45%
Magic:  7/7        EV:  3    Int: 13    God:
Gold:   36         SH:  0    Dex: 13    Spells: 6/6 levels left

rFire   . . .      SeeInvis .   Y - +0 hand axe
rCold   . . .      Faith    .   (no shield)
rNeg    . . .      Spirit   .   g - +0 plate armour
rPois   .          Reflect  .   (helmet restricted)
rElec   .          Harm     .   (no cloak)
rCorr   .          Rampage  .   (no gloves)
Will    .....                   (boots unavailable)
Stlth   ..........              (no amulet)
HPRegen 0.07/turn               (no ring)
MPRegen 0.10/turn               (no ring)

@: lethally poisoned (-1 -> -10)
A: beak, talons 3
a: no special abilities


You were on level 2 of the Dungeon.
You visited 1 branch of the dungeon, and saw 2 of its levels.

You collected 36 gold pieces.


Innate Abilities, Weirdness & Mutations

You have a beak for a mouth.
You have claws for feet.


   Skills:
 - Level 2.0 Fighting
 - Level 4.1 Axes
 - Level 1.0 Throwing
 + Level 1.1 Armour
 - Level 2.1 Dodging
 - Level 2.0 Spellcasting
 - Level 2.4 Translocations


You had 6 spell levels left.
You didn't know any spells.
Your spell library contained the following spells:

 Spells                   Type           Power      Damage    Failure   Level
 Blink                    Tloc           14%        N/A       100%        2
 Gell's Gravitas          Tloc           7%         N/A       100%        3
 Lesser Beckoning         Tloc           7%         N/A       100%        3
 Teleport Other           Tloc           7%         N/A       100%        3
 Manifold Assault         Tloc           7%         N/A       100%        5

Inventory:

Hand Weapons
 f - a +0 whip
 Y - a +0 hand axe (weapon)
Armour
 g - a +0 plate armour (worn)
Potions
 e - 2 potions of curing
 h - a potion of brilliance {unknown}
 i - a potion of might
 j - a potion of haste {unknown}
 k - a potion of flight {unknown}
 n - a potion of heal wounds {unknown}

Dungeon Overview and Level Annotations

Branches:
Dungeon (2/15)

Altars:


Message History

Your Axes skill increases to level 4!
You completely miss the jackal.
You hit the ball python but do no damage.
You feel sick.
The jackal bites you but does no damage.
The jackal barely misses you.
You closely miss the adder. You barely miss the jackal.
You feel sick.
The jackal bites you but does no damage.
You hit the adder.
The adder is heavily wounded.
You hit the jackal. You barely miss the ball python. You hit the jackal.
You feel sick.
The jackal bites you but does no damage. x2
The adder bites you but does no damage.
The ball python bites you but does no damage.
The ball python grabs you. The ball python constricts you.
The jackal bites you but does no damage.
The jackal bites you. The adder bites you.
You are lethally poisoned!
The adder poisons you!
You barely miss the ball python. You barely miss the jackal.
You closely miss the adder. You hit the jackal.
You kill the jackal!
You feel sick.
The ball python bites you but does no damage.
The ball python constricts you.
The jackal bites you but does no damage.
The adder bites you but does no damage.
The ball python bites you but does no damage.
The ball python constricts you.
You barely miss the ball python. You closely miss the adder.
You hit the jackal. You closely miss the jackal.
You feel sick.
The jackal bites you but does no damage. x2
The adder bites you.
You are more poisoned.
The adder poisons you! The ball python loses its grip on you.
The jackal bites you. x2
You die...

..# ###
... ..###.
... .....
#.##.#.##
#.......
#.#... .
#...#
#...###.<#
#....S@S#
#..##hSh.#
# #.#..#
......<
......##.
.[......
..
..........
# ......
.....


You could see an adder, 2 jackals and 2 ball pythons.

Vanquished Creatures
  An adder (D:2)
  A dart slug (D:1)
  A bat (D:1)
  3 endoplasms (D:1)
  2 giant cockroaches (D:1)
  2 goblins (D:1)
  A hobgoblin (D:1)
  2 jackals (D:2)
  2 kobolds (D:1)
  3 quokkas (D:1)
  3 ball pythons (D:1)
  A frilled lizard (D:2)
  3 rats (D:1)
25 creatures vanquished.

Notes
Turn   | Place    | Note
-------+----------+-------------------------------------------
     0 | D:1      | qw the Tengu Warper began the quest for the Orb.
     0 | D:1      | Reached XP level 1. HP: 12/12 MP: 4/4
     0 | D:1      | 0 ||| qw: Version: 0.1-a-89-g26bdef1
     0 | D:1      | 0 ||| qw: Game counter: 829
     0 | D:1      | 0 ||| qw: Always use a shield: true
     0 | D:1      | 0 ||| qw: God list: Okawaru
     0 | D:1      | 0 ||| qw: Allow faded altars: false
     0 | D:1      | 0 ||| qw: Do Orc after D:15 true
     0 | D:1      | 0 ||| qw: Do second Lair branch before Depths: true
     0 | D:1      | 0 ||| qw: Lair rune preference: random
     0 | D:1      | 0 ||| qw: Plans: Normal
     0 | D:1      | 0 ||| PLANNING D:1-11
   152 | D:1      | 152 ||| Stepping ~*~*~tactically~*~*~ (stealth).
   153 | D:1      | 153 ||| Stepping ~*~*~tactically~*~*~ (stealth).
   209 | D:1      | Reached XP level 2. HP: 17/17 MP: 6/6
   221 | D:1      | Reached skill level 3 in Axes
   476 | D:1      | 476 ||| Stepping ~*~*~tactically~*~*~ (hiding).
   578 | D:1      | 578 ||| Stepping ~*~*~tactically~*~*~ (hiding).
   761 | D:1      | 761 ||| Stepping ~*~*~tactically~*~*~ (stealth).
   762 | D:1      | 762 ||| Stepping ~*~*~tactically~*~*~ (stealth).
   764 | D:1      | 764 ||| Stepping ~*~*~tactically~*~*~ (stealth).
   766 | D:1      | 766 ||| Stepping ~*~*~tactically~*~*~ (stealth).
   852 | D:1      | Reached XP level 3. HP: 21/21 MP: 7/7
   978 | D:1      | 978 ||| UPGRADING to +0 plate armour.
   988 | D:1      | 988 ||| DROPPING +0 leather armour.
   989 | D:1      | 989 ||| READING scroll labelled BUKAELEMIY.
   990 | D:1      | 990 ||| READING scroll labelled DYD LUTEWKEO.
   991 | D:1      | 991 ||| READING scroll labelled NEFFEA SECSECU.
   992 | D:1      | 992 ||| DRINKING 3 purple potions.
   993 | D:1      | 993 ||| DRINKING 2 clear potions.
   994 | D:1      | 994 ||| DROPPING scroll of blinking.
   995 | D:1      | 995 ||| Stepping randomly (stuck).
   996 | D:1      | 996 ||| Stepping ~*~*~tactically~*~*~ (cloud).
  1001 | D:1      | HP: 5/21 [poisoned by you (poison gas)]
  1004 | D:1      | HP: 2/21 [poisoned by you (poison gas)]
  1301 | D:2      | Reached skill level 4 in Axes
  1303 | D:2      | HP: 5/21 [adder (2)]
  1305 | D:2      | HP: 2/21 [adder (1)]
  1305 | D:2      | Slain by a jackal

Levels and vault maps discovered:
D:1:      ncdulo_smallfort, layout_rooms, minivault_11, minmay_pentomino_o4
D:2:      layout_rooms, shapermc_ecumenical_altar_petra, minmay_distorted

Skill      XL: |  1  2  3 |
---------------+----------+-----
Axes           | 3 4 |  4.1
Fighting       | |  2.0
Throwing       | |  1.0
Armour         | |  1.1
Dodging        | |  2.1
Spellcasting   | |  2.0
Translocations | |  2.4

Action                   || total
-------------------------++-------
Melee: Hand axe          ||    49
       Kick              ||    12
       Peck              ||     5
Throw: Boomerang         ||     7
  Use: Scroll            ||     3
       Potion            ||     2
Armor: Leather armour    ||     7
       Plate armour      ||    28
Dodge: Dodged            ||    15

Table legend:
 A = Non-vault XP
 B = Vault XP
 C = Vault XP percentage of total XP
 D = Non-vault monster count
 E = Vault monster count
 F = Vault count percentage of total count
                 A         B        C        D         E       F
            +---------+---------+-------+---------+---------+-------
      Total |      51 |       5 |   8.9 |      22 |       3 |  12.0
            +---------+---------+-------+---------+---------+-------
        D:1 |      33 |       5 |  13.2 |      18 |       3 |  14.3
        D:2 |      18 |       0 |   0.0 |       4 |       0 |   0.0
            +---------+---------+-------+---------+---------+-------
